 Dungeon Crawl Stone Soup version 0.28-a0-410-gbef64dd269 (webtiles) character file.

Game seed: 12336062236569727845

70198 ytrimaz the Tortoise (level 14, -2/116 HPs)
             Began as a Minotaur Fighter on Sept 6, 2021.
             Was an Elder of Hepliaklqana.
             Slain by an orc warrior (13 damage)
             ... summoned by an orange crystal statue
             ... on level 2 of the Orcish Mines.
             The game lasted 00:39:42 (23246 turns).

ytrimaz the Tortoise (Minotaur Fighter)            Turns: 23246, Time: 00:39:44

Health: -2/116     AC: 29    Str: 26    XL:     14   Next: 93%
Magic:  0/19       EV:  8    Int: -7 (5) God:    Hepliaklqana [****..]
Gold:   1207       SH:  0    Dex: 10    Spells: 13/13 levels left

rFire   + . .      SeeInvis +   X - +4 scimitar (flame)
rCold   + . .      Faith    .   c - +0 buckler
rNeg    . . .      Spirit   .   z - +0 plate armour
rPois   +          Reflect  +   A - +2 hat {SInv}
rElec   .          Harm     .   Q - scarf {rC+ rF+}
rCorr   .          Rampage  .   x - +1 pair of gloves
Will    +....                   p - +0 pair of boots
Stlth   ..........              E - amulet of reflection
HPRegen 0.29/turn               h - ring of poison resistance
MPRegen 0.16/turn               H - +4 ring of protection

@: confused, slowed, lost intelligence, unable to read, very slow
A: reduced essence, horns 2, retaliatory headbutt
a: Renounce Religion, Recall Ancestor, Ancestor Identity, Transference, Idealise


You were on level 2 of the Orcish Mines.
You worshipped Hepliaklqana.
Hepliaklqana was greatly pleased with you.
You visited 3 branches of the dungeon, and saw 18 of its levels.
You also visited: Bailey.

You collected 1687 gold pieces.
You spent 480 gold pieces at shops.

Inventory:

Hand Weapons
 a - a +0 rapier of protection
 i - a +8 dagger of electrocution
 s - a +0 dagger of venom
 K - a +0 dagger of speed
 X - a +4 scimitar of flaming (weapon)
Missiles
 C - 2 throwing nets (quivered)
Armour
 c - a +0 buckler (worn)
 p - a +0 pair of boots (worn)
 x - a +1 pair of gloves (worn)
 z - a +0 plate armour (worn)
 A - a +2 hat of see invisible (worn)
 I - the +1 ring mail "Ussit" {Dex+7}
   (You found it on level 8 of the Dungeon)

   Dex:       It affects your dexterity (+7).
 M - a scarf of harm
 Q - a scarf of resistance (worn)
 W - a +0 kite shield
Jewellery
 d - an amulet of magic regeneration
 h - a ring of poison resistance (left hand)
 l - a ring of protection from fire
 q - a ring of protection from fire
 E - an amulet of reflection (around neck)
 G - an amulet of guardian spirit
 H - a +4 ring of protection (right hand)
 J - a ring of fire
 P - a ring of positive energy
 Y - an amulet of the acrobat
Wands
 b - a wand of acid (14)
 e - a wand of polymorph (22)
 o - a wand of paralysis (19)
 v - a wand of iceblast (34)
 B - a wand of digging (4)
 D - a wand of flame (37)
 R - a wand of mindburst (30)
Scrolls
 f - 4 scrolls of noise
 u - a scroll of enchant armour
 w - 4 scrolls of identify
 y - 2 scrolls of teleportation
 F - 2 scrolls of fog
 N - a scroll of amnesia
 S - a scroll of brand weapon
 U - a scroll of holy word
 V - a scroll of silence
Potions
 g - 3 potions of attraction
 j - 7 potions of mutation
 k - 5 potions of curing
 m - a potion of magic
 n - a potion of haste
 r - 3 potions of cancellation
 t - 5 potions of flight
 O - a potion of brilliance


   Skills:
 + Level 13.3 Fighting
 - Level 10.8(12.0) Short Blades
 * Level 9.8(12.1) Long Blades
 + Level 18.9 Armour
 + Level 6.2 Shields
 - Level 8.5 Invocations
 - Level 4.2 Evocations


You had 13 spell levels left.
You didn't know any spells.
Your spell library contained the following spells:

 Spells                   Type           Power      Damage    Failure   Level
 Foxfire                  Conj/Fire      0%         2x1d4     99%         1
 Magic Dart               Conj           0%         1d3       99%         1
 Blink                    Tloc           N/A        N/A       99%         2
 Call Imp                 Summ           0%         N/A       99%         2
 Ensorcelled Hibernation  Hex/Ice        0%         N/A       99%         2
 Searing Ray              Conj           0%         3d3       99%         2
 Slow                     Hex            0%         N/A       99%         2
 Confusing Touch          Hex            0%         N/A       100%        3
 Conjure Flame            Conj/Fire      0%         6-21      100%        3
 Dazzling Flash           Conj/Hex       0%         N/A       100%        3
 Inner Flame              Hex/Fire       0%         N/A       100%        3
 Lesser Beckoning         Tloc           0%         N/A       100%        3
 Mephitic Cloud           Conj/Pois/Air  0%         N/A       100%        3
 Airstrike                Air            0%         N/A       100%        4
 Flame Wave               Conj/Fire      0%         3d3       100%        4
 Fulminant Prism          Conj/Hex       0%         3d6       100%        4
 Iskenderun's Mystic Bla  Conj/Tloc      0%         2d3       100%        4
 Summon Lightning Spire   Summ/Air       0%         N/A       100%        4
 Fireball                 Conj/Fire      0%         3d3       100%        5
 Freezing Cloud           Conj/Ice/Air   0%         6-21      100%        5
 Iskenderun's Battlesphe  Conj           0%         2d6       100%        5
 Lightning Bolt           Conj/Air       0%         1d11      100%        5
 Manifold Assault         Tloc           0%         N/A       100%        5
 Summon Forest            Summ/Tloc      0%         N/A       100%        5
 Yara's Violent Unravell  Hex/Tmut       0%         3d3       100%        5
 Conjure Ball Lightning   Conj/Air       0%         3x3d6     100%        6
 Eringya's Noxious Bog    Tmut/Pois      0%         N/A       100%        6
 Simulacrum               Ice/Necr       0%         N/A       100%        6
 Starburst                Conj/Fire      0%         6d3       100%        6
 Orb of Destruction       Conj           0%         N/A       100%        7
 Summon Hydra             Summ           0%         N/A       100%        7
 Polar Vortex             Ice            0%         N/A       100%        9


Dungeon Overview and Level Annotations

Branches:
Dungeon (15/15)            Temple (1/1) D:5            Lair (0/6) D:9
    Orc (2/2) D:11         Vaults (0/5) D:14         Depths (0/5) D:15
 Bailey (visited)
    Elf: Orc:2

Altars:
Ashenzari
Cheibriados
Dithmenos
Elyvilon
Fedhas
Gozag
Hepliaklqana
Kikubaaqudgha
Makhleb
Nemelex Xobeh
Okawaru
Qazlal
Ru
Sif Muna
Trog
Uskayaw
Vehumet
Wu Jian
Xom
Yredelemnul
Zin
The Shining One

Shops:
D:4 (   D:10 *   D:11 [   D:14 =

Annotations:
D:13 1 runed translucent door
Orc:2 1 runed translucent door, exclusion: 3 orange crystal statues


Innate Abilities, Weirdness & Mutations

Your life essence is reduced to manifest your ancestor. (-10% HP)
You have a pair of horns on your head.
You reflexively headbutt those who attack you in melee.


Message History

The troll bites you but does no damage.
The troll claws you but does no damage. x2
You slice the orange crystal statue!! You burn the orange crystal statue.
You headbutt the orange crystal statue.
You destroy the orange crystal statue!
The troll dissolves into shadows!
The ogre dissolves into shadows!
The orc warrior hits you with a +0 trident.
The orc warrior hits you with a +0 war axe!
The orange crystal statue glitters topaz in the dim dungeon light.
The orange crystal statue glitters.
You are more confused.
The orc warrior barely misses you.
The orc warrior hits you but does no damage.
The orange crystal statue glitters.
You are more confused.
The orc warrior hits you but does no damage.
The orc warrior closely misses you.
Unknown command.
You bump into the stone wall.
The orange crystal statue glitters.
You easily resist.
The orange crystal statue fixes its piercing gaze on you.
You feel your power leaking away.
The orc knight roars a battlecry!
The orcs go into a battle-frenzy!
The orc warrior hits you from afar with a +0 trident!
The orc knight roars a battlecry!
The orc warrior goes into a battle-frenzy!
The orc warrior hits you from afar with a +0 trident!!
* * * LOW HITPOINT WARNING * * *
There are monsters nearby!
There are monsters nearby!
Unknown command.
There are monsters nearby!
The orc warrior closely misses you.
The orc priest invokes the aid of Beogh against you.
Beogh smites you!
* * * LOW HITPOINT WARNING * * *
The orange crystal statue fixes its piercing gaze on you.
The orc warrior hits you from afar with a +0 trident!
You die...

..........#.......#..
...............$.##..
.....................
..................#..
...................#.
..........<..........
......o...........#..
..####o####..[......
#@oooo.8#........#
#o#ooO#.#.........
#oooooo.#......#..
#ooooo..#.....## #
.#.o.o...#....##
..#.#...#.#..### ##
#8.....8#..#
####+####


You could see 2 orange crystal statues, an orc knight (summoned), 7 orc
warriors, an ogre (summoned) and 11 orcs.

Vanquished Creatures
  Kirke (D:12)
  5 vault guards
  2 hydras
  A boulder beetle (D:11)
  4 centaur warriors
  3 two-headed ogres
  2 tengu warriors
  An orange crystal statue (Orc:2)
  Pikel (D:5)
  The ghost of Dordric the Basher, a novice GrMo of Ru (D:8)
  2 orc knights
  A deep elf pyromancer (D:15)
  An orc sorcerer (Orc:1)
  A wolf spider (D:15)
  3 cyclopes
  15 ugly things
  2 manticores
  A salamander (D:15)
  Psyche (D:8)
  4 komodo dragons
  A yaktaur (D:15)
  3 tengu conjurers
  A troll (Orc:2)
  A meliai (D:9)
  13 slime creatures
  A merfolk (D:15)
  2 shadows
  Sigmund (D:4)
  A wraith (D:9)
  A wyvern (D:7)
  4 yaks
  3 hogs (D:12)
  A fire elemental (D:13)
  4 vampire mosquitoes
  Edmund (D:5)
  A warg (Orc:1)
  2 water moccasins (D:9)
  A floating eye (shapeshifter) (D:15)
  2 hell hounds (D:13)
  10 orc warriors
  A boggart (D:9)
  A black bear (D:5)
  3 ogres
  7 centaurs
  6 kobold brigands
  4 bullfrogs
  2 gnoll sergeants
  2 battlemagi
  3 wights (D:4)
  3 howler monkeys
  4 centaur zombies
  A gnoll shaman (D:4)
  4 orc priests
  2 hounds
  Crazy Yiuf (D:3)
  Jessica (D:2)
  Ijyb (D:4)
  8 orc wizards
  A killer bee zombie (D:8)
  A mummy (D:6)
  Robin (D:2)
  23 gnolls
  6 adders
  A shadow imp (D:7)
  An ufetubus (D:5)
  An adder skeleton (D:5)
  6 worms
  4 dart slugs
  26 orcs
  4 bats
  A bat zombie (D:8)
  6 endoplasms
  2 giant cockroaches
  15 goblins
  16 hobgoblins
  8 jackals
  9 quokkas
  13 ball pythons
  2 frilled lizards
  2 hobgoblin zombies (D:6)
  22 kobolds
  2 orc zombies (D:6)
  6 rats
  2 rat zombies (D:8)
341 creatures vanquished.

Vanquished Creatures (collateral kills)
  Gastronok (D:8)
  Azrael (D:13)
  Nessos (D:12)
  3 vault guards (D:14)
  A centaur warrior (D:15)
  A catoblepas (D:13)
  A two-headed ogre (D:8)
  2 orc high priests (Orc:1)
  A cyclops (D:11)
  2 ugly things (D:13)
  2 deep elf pyromancers
  A manticore (D:15)
  A gargoyle (D:9)
  A troll (D:9)
  3 slime creatures
  A vampire (D:10)
  A centaur simulacrum (D:14)
  A wraith (D:9)
  4 yaks
  3 hogs (D:12)
  3 fire elementals (D:13)
  A warg (Orc:1)
  A water moccasin (D:8)
  A hell hound (D:13)
  2 acid dragons
  8 orc warriors
  An ogre (Orc:1)
  A necrophage (D:8)
  A centaur (D:8)
  2 kobold brigands (D:8)
  2 centaur zombies
  5 orc priests
  2 orc wizards
  5 gnolls
  16 orcs
  2 goblins (D:13)
  2 hobgoblins (Bailey)
  4 kobolds (Bailey)
91 creatures vanquished.

Vanquished Creatures (others)
  An orc warrior (Orc:1)
  2 kobold brigands (D:8)
  9 battlemagi
  An ancestor (D:7)
  2 orcs (Orc:1)
  6 plants (D:9)
21 creatures vanquished.

Grand Total: 453 creatures vanquished

Notes
Turn   | Place    | Note
-------+----------+-------------------------------------------
     0 | D:1      | ytrimaz the Minotaur Fighter began the quest for the Orb.
     0 | D:1      | Reached XP level 1. HP: 19/19 MP: 0/0
   374 | D:1      | Reached XP level 2. HP: 23/27 MP: 1/1
   478 | D:1      | Reached skill level 4 in Armour
   918 | D:1      | Reached XP level 3. HP: 33/33 MP: 2/2
  1387 | D:2      | Noticed Robin
  1406 | D:2      | Killed Robin
  1413 | D:2      | Reached XP level 4. HP: 7/40 MP: 3/3
  1777 | D:2      | Noticed Jessica
  1784 | D:2      | Killed Jessica
  1790 | D:2      | Got Jessica's Tome of Malediction
  1986 | D:2      | Found a faded altar of an unknown god.
  2189 | D:3      | Reached XP level 5. HP: 29/47 MP: 4/4
  2357 | D:3      | Reached skill level 5 in Armour
  2406 | D:3      | Found a runed translucent door.
  2407 | D:3      | Noticed Crazy Yiuf
  2585 | D:3      | Reached skill level 5 in Short Blades
  2869 | D:3      | Reached XP level 6. HP: 50/53 MP: 5/5
  3055 | D:3      | Killed Crazy Yiuf
  3374 | D:4      | Found Poucyjio's Weapon Emporium.
  3401 | D:4      | Found a sacrificial altar of Ru.
  3424 | D:4      | Reached skill level 5 in Fighting
  3541 | D:4      | Noticed Sigmund
  3549 | D:4      | Killed Sigmund
  3550 | D:4      | Reached skill level 6 in Armour
  3550 | D:4      | Reached XP level 7. HP: 60/61 MP: 6/6
  3610 | D:4      | Found a basalt altar of Yredelemnul.
  3738 | D:4      | Found an ornate altar of the Wu Jian Council.
  3823 | D:4      | Noticed Ijyb
  3873 | D:4      | Killed Ijyb
  4254 | D:5      | Entered Level 5 of the Dungeon
  4254 | D:5      | Noticed Pikel
  4260 | D:5      | Killed Pikel
  4261 | D:5      | Reached skill level 7 in Armour
  4261 | D:5      | Reached XP level 8. HP: 55/70 MP: 7/7
  4506 | D:5      | Noticed Edmund
  4522 | D:5      | Killed Edmund
  4804 | D:5      | Found a staircase to the Ecumenical Temple.
  4847 | Temple   | Entered the Ecumenical Temple
  5071 | Temple   | Became a worshipper of Hepliaklqana the Forgotten
  5397 | D:6      | Reached skill level 8 in Armour
  5671 | D:6      | Reached * piety under Hepliaklqana
  6064 | D:7      | Noticed a slime creature
  6066 | D:7      | Noticed a slime creature
  6069 | D:7      | Noticed a slime creature
  6076 | D:7      | Killed a slime creature
  6077 | D:7      | Reached XP level 9. HP: 36/70 MP: 8/8
  6412 | D:7      | Reached skill level 9 in Armour
  7138 | D:7      | Reached ** piety under Hepliaklqana
  7171 | D:7      | Remembered your ancestor Thumnuul as a battlemage
  7328 | D:8      | Noticed Gastronok
  7337 | D:8      | Reached skill level 10 in Short Blades
  7353 | D:8      | Killed Gastronok
  7354 | D:8      | Reached skill level 11 in Armour
  7354 | D:8      | Reached XP level 10. HP: 45/81 MP: 9/9
  7544 | D:8      | Found an opulent altar of Gozag.
  7617 | D:8      | Found an ancient bone altar of Kikubaaqudgha.
  7706 | D:8      | Found a white marble altar of Elyvilon.
  7744 | D:8      | Identified the +1 ring mail "Ussit" {Dex+7}
  7760 | D:8      | Reached skill level 12 in Armour
  7773 | D:8      | HP: 1/81 [centaur/arrow (4)]
  7778 | D:8      | HP: 2/81 [centaur/arrow (1)]
  8285 | D:8      | Found a runed translucent gate.
  8288 | D:8      | Found a runed translucent gate.
  8288 | D:8      | Noticed Dordric's ghost (novice GrMo)
  8289 | D:8      | Noticed Psyche
  8296 | D:8      | Killed Psyche
  8303 | D:8      | Found a runed translucent gate.
  8309 | D:8      | Noticed a two-headed ogre
  8315 | D:8      | Killed a two-headed ogre
  8316 | D:8      | Reached skill level 1 in Invocations
  8437 | D:8      | Found a glowing golden altar of the Shining One.
  8468 | D:8      | Found a shimmering blue altar of Sif Muna.
  8834 | D:8      | Killed Dordric's ghost
  8835 | D:8      | Reached skill level 13 in Armour
  8879 | D:8      | Identified a scroll of acquirement
  8879 | D:8      | Acquired 548 gold pieces
  9383 | D:9      | Found a staircase to the Lair.
  9942 | D:9      | Noticed a two-headed ogre
  9956 | D:9      | Killed a two-headed ogre
  9957 | D:9      | Reached skill level 10 in Fighting
  9957 | D:9      | Reached XP level 11. HP: 48/89 MP: 12/12
 10156 | D:9      | Reached *** piety under Hepliaklqana
 10262 | D:9      | Reached skill level 14 in Armour
 10643 | D:9      | Noticed a tengu warrior
 10643 | D:9      | Noticed an eight-headed hydra
 10664 | D:9      | Killed a tengu warrior
 10675 | D:9      | Killed an eight-headed hydra
 10687 | D:9      | Reached skill level 5 in Invocations
 10690 | D:9      | Noticed a centaur warrior
 10699 | D:9      | Killed a centaur warrior
 10700 | D:9      | Reached skill level 15 in Armour
 10717 | D:9      | Identified the +4 hand crossbow of Paper {elec, rF- rN+
                  | Int+3}
 11493 | D:10     | Entered Level 10 of the Dungeon
 11621 | D:10     | Found Suejy's Assorted Antiques.
 12272 | D:10     | Found a sparkling altar of Nemelex Xobeh.
 12416 | D:10     | Found an iron altar of Okawaru.
 12863 | D:11     | Noticed a two-headed ogre
 12871 | D:11     | Killed a two-headed ogre
 12872 | D:11     | Reached XP level 12. HP: 70/99 MP: 15/15
 13016 | D:11     | Found Buryisch's Armour Emporium.
 13018 | D:11     | Found a staircase to the Orcish Mines.
 13041 | D:11     | Bought a scarf of resistance for 480 gold pieces
 13168 | D:11     | Reached skill level 16 in Armour
 13293 | D:11     | Noticed a boulder beetle
 13308 | D:11     | Killed a boulder beetle
 13585 | D:12     | Reached **** piety under Hepliaklqana
 13586 | D:12     | Noticed Nessos
 13588 | D:12     | Noticed Kirke
 13601 | D:12     | Killed Nessos
 14066 | D:12     | Killed Kirke
 14067 | D:12     | Reached skill level 17 in Armour
 14853 | D:13     | Found a flagged portal.
 14891 | Bailey   | Entered a bailey
 15546 | Bailey   | Reached XP level 13. HP: 106/106 MP: 16/18
 15802 | D:13     | Noticed a tengu reaver
 15802 | D:13     | Noticed a tengu reaver
 15802 | D:13     | Noticed an ettin
 15803 | D:13     | Noticed a fire giant
 15803 | D:13     | Found a runed translucent door.
 15805 | D:13     | Noticed a tengu reaver
 15909 | D:13     | Noticed Azrael
 15933 | D:13     | Killed Azrael
 16370 | D:13     | Reached skill level 18 in Armour
 16969 | D:14     | Found a gate to the Vaults.
 16980 | D:14     | Reached XP level 14. HP: 104/114 MP: 19/19
 17708 | D:14     | Reached skill level 1 in Long Blades
 17969 | D:14     | Found a white marble altar of Elyvilon.
 18038 | D:14     | Reached skill level 5 in Shields
 19006 | D:14     | Found Vuhuuwki's Jewellery Emporium.
 19038 | D:14     | Reached skill level 5 in Long Blades
 19540 | D:15     | Entered Level 15 of the Dungeon
 20173 | D:15     | Found a shimmering blue altar of Sif Muna.
 21446 | D:15     | Found a staircase to the Depths.
 21856 | Orc:1    | Entered Level 1 of the Orcish Mines
 22516 | Orc:1    | HP: 5/116 [orc warrior (3)]
 22527 | Orc:1    | HP: 5/116 [two-headed ogre (13)]
 23207 | Orc:2    | Entered Level 2 of the Orcish Mines
 23207 | Orc:2    | Found a runed translucent door.
 23219 | Orc:2    | Found the +10 tower shield of Ignorance {rN+ Int-4}
 23222 | Orc:2    | Found a runed translucent door.
 23230 | Orc:2    | Lost intelligence.
 23246 | Orc:2    | Slain by an orc warrior

Illustrated notes

Levels and vault maps discovered:
D:1:      dpeg_arrival_rooms_c, layout_basic
D:2:      cheibrodos_helix_gallery, layout_loops_cross,
          dreamdust_ecumenical_altar_statues, kennysheep_jessica_study,
          uniq_robin
D:3:      kb_forest_paths, layout_loops_ring, st_stairs_13,
          uniq_crazy_yiuf_cottage
D:4:      layout_loops_ring, nicolae_ru_great_annihilating_truth,
          nzn_wu_jian_council_hall, kennysheep_mini_moat, serial_shops,
          nicolae_lakefront_shop, uniq_sigmund, uniq_ijyb
D:5:      layout_basic, minmay_temple_entry_nine_rooms,
          chequers_serial_rivers_room_b, uniq_edmund, uniq_pikel
D:6:      layout_gridville, minmay_mini_ossuary
D:7:      cheibrodos_quashed, layout_cave_pods
D:8:      layout_loops_cross, nicolae_gozag_seed_capital,
          overflow_temple_1_default, lemuel_zombie_altar_kikubaaqudgha,
          mainiacjoe_overflow_two_lobes, gammafunk_ghost_nasty_kobolds,
          st_stairs_4, centaur_isle, uniq_gastronok, uniq_psyche
D:9:      minmay_the_grid_triangle_9x9_rhombus_full
          [minmay_the_grid_triangle_9x9_intruding_spiral,
          minmay_the_grid_triangle_9x9_empty,
          minmay_the_grid_triangle_9x9_alien,
          minmay_the_grid_triangle_9x9_checkered,
          minmay_the_grid_triangle_9x9_negative_grid,
          minmay_the_grid_triangle_9x9_longest,
          minmay_the_grid_triangle_9x9_shrine,
          minmay_the_grid_triangle_9x9_prize_schism], layout_cave_pods,
          david_lair_shrubbed
D:10:     layout_loops_ring, kennysheep_mini, kennysheep_little_box,
          serial_shops, shop
D:11:     layout_irregular_city, orc_david_3
D:12:     layout_cave_pools, uniq_kirke, uniq_nessos
D:13:     minmay_gate_of_8, layout_basic, enter_bailey_3, minivault_19,
          minmay_misc_feat_doors, kennysheep_minor_cross, uniq_azrael
D:14:     layout_irregular_city, erik_vaults_2, serial_shops,
          nicolae_shop_competitors_out_of_business, elyvilon_altar_5
D:15:     hangedman_depths_entry_try_elsewhere_first, layout_loops_ring,
          nicolae_sif_muna_condensation
Temple:   minmay_temple_bridge_abc
Orc:1:    nicolae_orc_accident_1, layout_caves, serial_shops
Orc:2:    st_orc_pillars, layout_caves, ebering_ghost_reflecting_pool,
          chequers_guarded_unrand_ignorance

Skill      XL: |  1  2  3  4  5  6  7  8  9 10 11 12 13 14 |
---------------+-------------------------------------------+-----
Armour         | 4 5 6 7 8 11 13 15 17 18 | 18.9
Shields        | 4 6 |  6.2
Fighting       | 4 5 6 8 10 11 12 13 | 13.3
Short Blades   | 3 4 5 6 8 9 10 | 10.8
Invocations    | 3 5 8 |  8.5
Evocations     | 4 |  4.2
Long Blades    | 9 |  9.8

Action                   |  1- 3 |  4- 6 |  7- 9 | 10-12 | 13-15 || total
-------------------------+-------+-------+-------+-------+-------++-------
Melee: Rapier            |    93 |   135 |       |       |       ||   228
       Headbutt          |    19 |    35 |    37 |    76 |   108 ||   275
       Dagger            |       |    21 |   149 |   368 |   143 ||   681
       Unarmed           |       |       |    17 |     9 |       ||    26
       Scimitar          |       |       |       |       |   263 ||   263
Invok: Recall Ancestor   |       |       |     1 |     3 |     1 ||     5
       Ancestor Identity |       |       |     1 |     1 |       ||     2
       Ancestor Life: Ba |       |       |     1 |       |       ||     1
       Transference      |       |       |       |     1 |       ||     1
       Idealise          |       |       |       |     1 |     2 ||     3
  Use: Potion            |     4 |       |       |     8 |     5 ||    17
       Scroll            |       |     8 |     9 |     8 |     6 ||    31
 Stab: Paralysed         |       |     1 |       |       |       ||     1
       Invisible         |       |       |       |     2 |       ||     2
       Distracted        |       |       |       |     1 |     3 ||     4
Armor: Scale mail        |    47 |    73 |    22 |       |       ||   142
       Plate armour      |       |       |     8 |   214 |   266 ||   488
       Skin              |       |       |       |    11 |       ||    11
Dodge: Dodged            |    32 |    61 |    40 |   100 |   118 ||   351
Block: Buckler           |    24 |    25 |    26 |   151 |   189 ||   415
       Reflection        |       |       |       |    37 |    11 ||    48
       Other             |       |       |       |     1 |       ||     1

Table legend: (Time is in decaauts)
 A = Elapsed time spent in this place.
 B = Non-inter-level travel time spent in this place.
 C = Inter-level travel time spent in this place.
 D = Time resting spent in this place.
 E = Time spent auto-exploring this place.
 F = Levels seen in this place.
 G = Mean time per level.
                   A        B        C        D        E       F      G
               +--------+--------+--------+--------+--------+-----+--------+
         Total |  22883 |  22243 |    640 |   6559 |  12212 |  19 | 1204.4 |
       Dungeon |  20626 |  20041 |    585 |   5548 |  11411 |  15 | 1375.1 |
        Temple |    259 |    229 |     30 |      0 |    165 |   1 |  259.0 |
  Orcish Mines |   1346 |   1321 |     25 |    608 |    513 |   2 |  673.0 |
        Bailey |    650 |    650 |      0 |    402 |    122 |   1 |  650.0 |
               +--------+--------+--------+--------+--------+-----+--------+

Top non-repeatable levels by time:
    D:14: 2252 daAuts
    D:15: 2225 daAuts
     D:9: 2181 daAuts
     D:8: 1891 daAuts
    D:13: 1752 daAuts
    D:11: 1415 daAuts
   Orc:1: 1304 daAuts
     D:1: 1124 daAuts
     D:3: 1044 daAuts
     D:4: 1038 daAuts
     D:2: 1006 daAuts
     D:6: 1002 daAuts
     D:7: 997 daAuts
    D:10: 967 daAuts
    D:12: 955 daAuts
